 Dungeon Crawl Stone Soup version 0.23.1-37-gaa34b87b72 (webtiles) character file.

Game seed: 10084767045794650479

25627 Marnok the Cleaver (level 12, -4/97 HPs)
             Began as a Minotaur Fighter on Mar 24, 2019.
             Was a High Priest of Wu Jian.
             Shot with an arrow by Nessos (11 damage)
             ... on level 4 of the Lair of Beasts.
             The game lasted 01:37:34 (12137 turns).

Marnok the Cleaver (Minotaur Fighter)              Turns: 12137, Time: 01:37:35

Health: -4/97      AC: 13    Str: 28    XL:     12   Next: 91%
Magic:  11/11      EV: 17    Int:  5    God:    Wu Jian [*****.]
Gold:   504        SH: 19    Dex: 15    Spells: 11/11 levels left

rFire    . . .     SeeInvis .   w - +2 broad axe (chop)
rCold    . . .     Gourm    .   c - +1 shield
rNeg     . . .     Faith    .   n - +4 troll leather armour
rPois    .         Spirit   .   (helmet restricted)
rElec    .         Reflect  .   (no cloak)
rCorr    .         Harm     .   J - +0 pair of gloves
MR       +....                  (no boots)
Stlth    ++........             V - amulet of magic regeneration
HPRegen  0.66/turn              l - ring of protection from magic
MPRegen  0.37/turn              x - +2 ring of protection

@: mighty, lethally poisoned (-4 -> -7), hasted, very quick
A: retaliatory headbutt, horns 2, large bone plates 1, agile 1, frail 1,
mutation resistance 1
a: Wall Jump, Serpent's Lash, Heavenly Storm, Renounce Religion


You were on level 4 of the Lair of Beasts.
You worshipped Wu Jian.
Wu Jian was extremely pleased with you.
You were not hungry.

You visited 3 branches of the dungeon, and saw 17 of its levels.
You also visited: Sewer and Volcano.

You collected 952 gold pieces.
You spent 448 gold pieces at shops.

Inventory:

Hand Weapons
 q - a +1 falchion of holy wrath
 t - a +2 dagger of protection
 w - a +2 broad axe of chopping (weapon)
 E - a +4 hand axe of electrocution
 M - the +8 long sword "Nyphog" {elec, rC++ Dex-4}
   (You found it on level 2 of the Lair of Beasts)

   Occasionally, upon striking a foe, it will discharge some electrical energy
   and cause terrible harm.
   It affects your dexterity (-4).
   It greatly protects you from cold.
 O - a +2 hand axe of freezing
Missiles
 g - 6 throwing nets
 s - 6 tomahawks (quivered)
 P - 6 javelins
Armour
 c - a +1 shield (worn)
 n - a +4 troll leather armour (worn)
 C - a +0 shield
 F - a +1 robe of magic resistance
 J - a +0 pair of gloves (worn)
 S - a +1 plate armour of fire resistance
Jewellery
 i - a +2 ring of dexterity
 k - an uncursed ring of teleportation
 l - a ring of protection from magic (left hand)
 p - an uncursed ring of wizardry
 x - a +2 ring of protection (right hand)
 L - a +5 ring of intelligence
 Q - an uncursed ring of fire
 V - an amulet of magic regeneration (around neck)
Wands
 a - a wand of polymorph (3)
 u - a wand of random effects (11)
 H - a wand of iceblast (4)
 R - a wand of clouds (2)
Scrolls
 e - a scroll of summoning {unknown}
 h - 6 scrolls of remove curse
 j - a scroll of magic mapping
 m - 2 scrolls of teleportation
 v - 2 scrolls of fear
 y - 4 scrolls of identify
 B - a scroll of immolation
 W - a scroll of random uselessness
Potions
 b - a potion of agility
 d - a potion of might
 r - a potion of haste
 z - 2 potions of cancellation
 A - 4 potions of flight
 G - a potion of lignification
 N - a potion of curing
Comestibles
 f - 27 rations
 o - 4 chunks of flesh


   Skills:
 + Level 10.8 Fighting
 + Level 8.5 Long Blades
 + Level 13.3 Axes
 + Level 0.3 Throwing
 + Level 10.3 Armour
 + Level 8.2 Dodging
 + Level 3.3 Stealth
 + Level 12.1 Shields
 + Level 0.2 Evocations


You had 11 spell levels left.
You didn't know any spells.
Your spell library contained the following spells:

 Spells                   Type           Power        Failure   Level  Hunger
 Beastly Appendage        Tmut           #.....       63%         1    ##.....
 Corona                   Hex            #......      63%         1    ##.....
 Freeze                   Ice            #...         63%         1    ##.....
 Sandblast                Erth           #.....       63%         1    ##.....
 Ensorcelled Hibernation  Hex/Ice        #.....       77%         2    ###....
 Passwall                 Tmut/Erth      #.......     77%         2    ###....
 Sticks to Snakes         Tmut           #.......     77%         2    ###....
 Throw Frost              Conj/Ice       #.....       77%         2    ###....
 Confuse                  Hex            #.......     94%         3    ####...
 Dazzling Spray           Conj/Hex       #.....       94%         3    ####...
 Ozocubu's Armour         Chrm/Ice       #.......     94%         3    ####...
 Spider Form              Tmut/Pois      #.........   94%         3    ####...
 Stone Arrow              Conj/Erth      #.....       94%         3    ####...
 Tukima's Dance           Hex            #.......     94%         3    ####...
 Ice Form                 Ice/Tmut       #.......     100%        4    #####..
 Petrify                  Tmut/Erth      #.......     100%        4    #####..
 Summon Ice Beast         Ice/Summ       #.......     100%        4    #####..
 Throw Icicle             Conj/Ice       #.......     100%        4    #####..
 Blade Hands              Tmut           #.........   100%        5    ######.
 Lee's Rapid Deconstruct  Erth           #.........   100%        5    ######.


Dungeon Overview and Level Annotations

Branches:
Dungeon (11/15)            Temple (1/1) D:6            Lair (5/6) D:10
 Shoals (0/4) Lair:3        Snake (0/4) Lair:2
  Slime: Lair:5-6       Orc: D:9-12

Altars:
Ashenzari
Dithmenos
Elyvilon
Fedhas
Gozag
Hepliaklqana
Kikubaaqudgha
Makhleb
Nemelex Xobeh
Okawaru
Qazlal
Ru
Sif Muna
Trog
Uskayaw
Vehumet
Wu Jian
Xom
Yredelemnul
Zin
The Shining One

Shops:
D:6 (   D:9 ?

Annotations:
D:8 2 transporters, pedritolo's ghost, novice DrGl
Lair:4 Nessos


Innate Abilities, Weirdness & Mutations

You reflexively headbutt those who attack you in melee.
You have a pair of horns on your head.
You are partially covered in large bone plates. (SH +4)
You are agile. (Dex +2)
You are frail. (-10% HP)
You are somewhat resistant to further mutation.


Message History

Nessos wields a +3 longbow of flaming.
It bursts into flame!
Nessos shoots an arrow.
You block the arrow. You block the black mamba's attack.
The killer bee closely misses you.
You spin and attack the killer bee.
You slice the killer bee!!
You kill the killer bee!
The Council accepts your kill. The black mamba completely misses you.
Nessos shoots an arrow.
The arrow hits you!! The arrow burns you!
You see here an arrow.
Nessos shoots an arrow.
The arrow hits you!! The arrow burns you!
You are more poisoned.
You see here an arrow.
You feel better. You block the black mamba's attack. The black mamba bites you!
Nessos shoots an arrow.
You block the arrow. You block the yak's attack.
You feel yourself speed up. You block the black mamba's attack.
Nessos shoots an arrow.
The arrow hits you!!
* * * LOW HITPOINT WARNING * * *
The arrow burns you!
You are poisoned.
You die...

#.##...# #......#
##......## ## ##........#
..# ##........## ...#
###........#.# ####....#
##............###........
##.......((S..# #.<..#
#.....#.##†#@.###.#.##
.......#..#Y#..#.####
...#.##.#.#..#### .#.
#†###.#..c##.## .. .#.
##.#......# . .. .#
#.#.....P#P# ..#
###.#.........# #..
#.#...........# #..
..#.#...#.##.....


You could see Nessos, a black mamba and a yak.

Vanquished Creatures
  A dire elephant (Lair:2)
  Harold (Lair:2)
  2 hydras
  A two-headed ogre (D:8)
  An ugly thing (Volcano)
  7 elephants (Lair:2)
  Maurice (D:8)
  A black mamba (Lair:2)
  2 torpor snails (Lair:2)
  3 spiny frogs
  13 komodo dragons
  A polar bear (Lair:3)
  A troll (D:10)
  12 blink frogs
  3 hippogriffs
  3 wyverns
  12 yaks
  5 basilisks
  A hungry ghost (D:10)
  A hell hound (Volcano)
  8 porcupines
  11 water moccasins
  3 ice beasts
  2 orc warriors
  A swamp drake (D:10)
  A phantom (D:5)
  A black bear (D:10)
  6 ogres
  7 wolves
  2 centaurs
  5 crocodiles
  3 big kobolds
  9 bullfrogs
  A gnoll sergeant (D:6)
  2 scorpions
  4 killer bees (Lair:4)
  3 wights (D:7)
  3 howler monkeys
  5 crimson imps
  3 bullfrog zombies
  3 centaur zombies (D:10)
  8 hounds
  A quasit (D:10)
  3 orc priests
  3 jellies
  12 orc wizards
  A bullfrog skeleton (D:4)
  An iguana (D:5)
  6 hell rats
  7 worker ants
  A worker ant zombie (D:5)
  Robin (D:4)
  6 gnolls
  A howler monkey skeleton (D:4)
  11 adders
  4 river rats (Sewer)
  5 oozes
  An adder zombie (D:7)
  2 worms
  A dart slug (D:3)
  7 leopard geckos
  40 orcs
  7 ball pythons
  3 bats
  8 giant cockroaches
  11 goblins
  9 hobgoblins
  16 jackals
  12 kobolds
  4 quokkas
  2 frilled lizards
  A leopard gecko skeleton (D:9)
  20 rats
  A plant (Lair:3)
371 creatures vanquished.

Vanquished Creatures (others)
  2 fungi (Lair:4)
  3 plants
5 creatures vanquished.

Grand Total: 376 creatures vanquished

Notes
Turn   | Place    | Note
-------+----------+-------------------------------------------
     0 | D:1      | Marnok the Minotaur Fighter began the quest for the Orb.
     0 | D:1      | Reached XP level 1. HP: 19/19 MP: 0/0
   106 | D:1      | Reached XP level 2. HP: 27/27 MP: 1/1
   224 | D:1      | Found a sparkling altar of Nemelex Xobeh.
   382 | D:2      | Reached XP level 3. HP: 30/33 MP: 2/2
   510 | D:2      | Reached skill level 3 in Axes
   897 | D:2      | Reached XP level 4. HP: 16/40 MP: 3/3
  1548 | D:3      | Reached skill level 4 in Axes
  1554 | D:3      | Reached XP level 5. HP: 35/47 MP: 4/4
  1999 | D:4      | Reached skill level 5 in Axes
  2014 | D:4      | Reached XP level 6. HP: 36/53 MP: 5/5
  2044 | D:4      | Noticed Robin
  2063 | D:4      | Killed Robin
  2063 | D:4      | Reached skill level 5 in Armour
  2067 | D:4      | Reached skill level 1 in Dodging
  2426 | D:5      | Entered Level 5 of the Dungeon
  2595 | D:4      | Reached skill level 5 in Shields
  2785 | D:5      | Noticed an ice beast
  2955 | D:3      | Reached skill level 5 in Fighting
  2955 | D:3      | Reached skill level 6 in Axes
  2955 | D:3      | Reached XP level 7. HP: 58/61 MP: 6/6
  3299 | D:6      | Found a glowing drain.
  3324 | Sewer    | Entered a sewer
  3549 | Sewer    | Reached skill level 7 in Axes
  3784 | Sewer    | Reached XP level 8. HP: 65/68 MP: 7/7
  3984 | D:6      | Found Toesaa's Antique Weapon Shop.
  4039 | D:6      | Found an iron altar of Okawaru.
  4093 | D:6      | Found a staircase to the Ecumenical Temple.
  4122 | Temple   | Entered the Ecumenical Temple
  4176 | Temple   | Became a worshipper of the Wu Jian Council
  4218 | D:6      | Reached skill level 8 in Axes
  4300 | D:5      | Reached skill level 1 in Stealth
  4306 | D:5      | Found an ancient bone altar of Kikubaaqudgha.
  4379 | D:5      | Reached * piety under Wu Jian
  4576 | D:5      | Found a glowing silver altar of Zin.
  4582 | D:5      | Reached skill level 9 in Axes
  4687 | D:5      | Found a stormy altar of Qazlal.
  4705 | D:5      | Found a burning altar of Makhleb.
  4739 | D:5      | Noticed an air elemental
  4985 | D:6      | Found a white marble altar of Elyvilon.
  5043 | D:7      | Reached XP level 9. HP: 71/77 MP: 8/8
  5101 | D:8      | Found a transporter.
  5441 | D:7      | Found a hazy altar of Hepliaklqana.
  5502 | D:8      | Noticed a two-headed ogre
  5508 | D:8      | Killed a two-headed ogre
  5734 | D:8      | Noticed Maurice
  5742 | D:8      | Paralysed by something for 3 turns
  5759 | D:8      | Killed Maurice
  5843 | D:8      | Found a transporter.
  5843 | D:8      | Noticed a moth of wrath
  6274 | D:8      | Reached ** piety under Wu Jian
  6304 | D:8      | Reached skill level 10 in Axes
  6304 | D:8      | Reached XP level 10. HP: 58/86 MP: 9/9
  6601 | D:8      | Found a bloodstained altar of Trog.
  6641 | D:8      | Noticed pedritolo's ghost (novice DrGl)
  6747 | D:9      | Found Jeinocod's Magic Scroll Emporium.
  6765 | D:9      | Bought a scroll of identify for 30 gold pieces
  6765 | D:9      | Bought a scroll of immolation for 52 gold pieces
  6765 | D:9      | Bought a scroll of identify for 30 gold pieces
  6765 | D:9      | Bought a scroll of identify for 30 gold pieces
  6765 | D:9      | Bought a scroll of enchant armour for 112 gold pieces
  6765 | D:9      | Bought a scroll of enchant weapon for 112 gold pieces
  6765 | D:9      | Bought a scroll of identify for 30 gold pieces
  6765 | D:9      | Bought a scroll of magic mapping for 52 gold pieces
  6968 | D:10     | Entered Level 10 of the Dungeon
  7823 | D:10     | Reached skill level 5 in Dodging
  7827 | D:10     | Reached skill level 11 in Axes
  7871 | D:10     | Reached *** piety under Wu Jian
  8055 | D:10     | Found a staircase to the Lair.
  8232 | D:10     | Reached skill level 10 in Shields
  8393 | D:11     | Noticed a purple ugly thing
  8591 | Lair:1   | Entered Level 1 of the Lair of Beasts
  8611 | Lair:1   | Reached XP level 11. HP: 86/94 MP: 10/10
  8698 | Lair:1   | Found a dark tunnel.
  8705 | Volcano  | Entered a volcano
  8760 | Volcano  | Noticed a red ugly thing
  8776 | Volcano  | Killed a red ugly thing
  8776 | Volcano  | Reached skill level 10 in Armour
  8892 | Volcano  | Noticed a red ugly thing
  8892 | Volcano  | Noticed a red ugly thing
  9076 | Lair:1   | Reached skill level 12 in Axes
  9243 | Lair:1   | Reached **** piety under Wu Jian
  9686 | Lair:2   | Reached skill level 13 in Axes
  9786 | Lair:2   | Got a brightly glowing long sword
  9806 | Lair:2   | Identified the +8 long sword "Nyphog" {elec, rC++ Dex-4}
                  | (You found it on level 2 of the Lair of Beasts)
  9870 | Lair:2   | Noticed a dire elephant
  9885 | Lair:2   | Killed a dire elephant
  9885 | Lair:2   | Reached XP level 12. HP: 62/105 MP: 11/11
 10011 | Lair:2   | Noticed Harold
 10024 | Lair:2   | Killed Harold
 10183 | Lair:2   | Noticed a seven-headed hydra
 10201 | Lair:2   | Killed a nine-headed hydra
 10256 | Lair:2   | Reached skill level 5 in Long Blades
 10323 | Lair:2   | Reached skill level 10 in Fighting
 10423 | Lair:2   | Found a staircase to the Snake Pit.
 11095 | Lair:3   | Reached ***** piety under Wu Jian
 11231 | Lair:3   | Found a staircase to the Shoals.
 11532 | Lair:4   | Noticed a five-headed hydra
 11549 | Lair:4   | Killed a 12-headed hydra
 11674 | Lair:4   | Gained mutation: You are frail. (-10% HP) [potion of
                  | mutation]
 11674 | Lair:4   | Gained mutation: You are agile. (Dex +2) [potion of
                  | mutation]
 11674 | Lair:4   | Gained mutation: You are partially covered in large bone
                  | plates. (SH +4) [potion of mutation]
 11674 | Lair:4   | Gained mutation: You are somewhat resistant to further
                  | mutation. [potion of mutation]
 11720 | Lair:4   | Noticed a four-headed hydra
 12114 | Lair:4   | Noticed Nessos
 12137 | Lair:4   | Shot with an arrow by Nessos

Skill      XL: |  1  2  3  4  5  6  7  8  9 10 11 12 |
---------------+-------------------------------------+-----
Armour         | 4 5 6 7 8 9 10 | 10.3
Fighting       | 4 5 6 7 8 9 10 | 10.8
Shields        | 4 5 6 7 8 10 11 12 | 12.1
Axes           | 3 4 5 6 7 9 10 11 13 | 13.3
Dodging        | 1 2 3 4 5 7 8 |  8.2
Stealth        | 1 2 3 |  3.3
Long Blades    | 2 3 8 |  8.5
Throwing       | |  0.3
Evocations     | |  0.2

Action                   |  1- 3 |  4- 6 |  7- 9 | 10-12 || total
-------------------------+-------+-------+-------+-------++-------
Melee: War axe           |   102 |   172 |   272 |       ||   546
       Headbutt          |     9 |    26 |    60 |   126 ||   221
       Falchion          |       |       |    18 |       ||    18
       Hand axe          |       |       |    98 |   365 ||   463
       Long sword        |       |       |       |   173 ||   173
       Broad axe         |       |       |       |    61 ||    61
Throw: Tomahawk          |       |       |       |     7 ||     7
Invok: Lunge             |       |       |    15 |    43 ||    58
       Whirlwind         |       |       |     1 |   126 ||   127
Evoke: Wand              |       |       |       |     5 ||     5
  Use: Scroll            |     3 |     1 |       |    32 ||    36
       Potion            |       |       |     2 |    21 ||    23
 Stab: Sleeping          |       |       |       |     8 ||     8
  Eat: Chunk             |       |     7 |     8 |    20 ||    35
       Ration            |       |       |     1 |       ||     1
Armor: Scale mail        |    53 |    56 |   126 |    23 ||   258
       Troll leather arm |       |       |       |   124 ||   124
Dodge: Dodged            |    31 |    43 |   101 |   261 ||   436
Block: Shield            |    68 |   102 |   208 |   389 ||   767
       Rpst.: Falchion   |       |       |     1 |       ||     1
       Long sword        |       |       |       |    22 ||    22
